 Dungeon Crawl Stone Soup version 0.28.0-53-g5a82cb258f (webtiles) character file.

Game seed: 11240000216514045170

125477 jjjjhere the Unseen (level 16, 0/88 HPs)
             Began as a Vine Stalker Brigand on Aug 10, 2022.
             Was the Champion of Makhleb.
             Succumbed to a green death's poison arrow
             ... on level 1 of the Depths on Aug 11, 2022.
             The game lasted 00:57:52 (26779 turns).

jjjjhere the Unseen (Vine Stalker Brigand)         Turns: 26779, Time: 00:57:52

Health: 0/88       AC: 26    Str: 16    XL:     16   Next: 96%
Magic:  2/26       EV: 13    Int: 11    God:    Makhleb [******]
Gold:   2570       SH:  8    Dex: 22    Spells: 15/15 levels left

rFire   . . .      SeeInvis .   i - +8 Vampire's Tooth {vamp}
rCold   . . .      Faith    .   X - +2 buckler
rNeg    + . .      Spirit   +   E - +0 pearl dragon scales
rPois   .          Reflect  .   m - +0 helmet
rElec   .          Harm     .   c - +0 cloak
rCorr   .          Rampage  .   A - +2 pair of gloves
Will    +++..                   (no boots)
Stlth   +++++.....              b - amulet of regeneration
HPRegen 1.84/turn               l - ring of willpower
MPRegen 0.20/turn               y - +4 ring of protection

@: lethally poisoned (0 -> -9), studying Poison Magic
A: fangs 3, regeneration 1, magic shield, antimagic bite, no potion heal 2
a: Renounce Religion, Minor Destruction, Lesser Servant of Makhleb, Major
Destruction, Greater Servant of Makhleb


You were on level 1 of the Depths.
You worshipped Makhleb.
Makhleb was exalted by your worship.
You visited 5 branches of the dungeon, and saw 25 of its levels.
You also visited: Ossuary, Bailey, Ice Cave and Volcano.

You collected 2636 gold pieces.
You spent 66 gold pieces at shops.

Inventory:

Hand Weapons
 i - the +8 Vampire's Tooth (weapon) {vamp}
   (You found it on level 6 of the Lair of Beasts)

   It occasionally heals its wielder for the full amount of damage dealt when it
   wounds a living foe.
 p - a +3 dagger of venom
Missiles
 d - 58 poisoned darts
 e - 9 curare-tipped darts
 k - 34 boomerangs
 F - 13 atropa-tipped darts
 Z - 2 throwing nets (quivered)
Armour
 c - a +0 cloak (worn)
 m - a +0 helmet (worn)
 A - a +2 pair of gloves (worn)
 E - +0 pearl dragon scales (worn)
 X - a +2 buckler (worn)
Jewellery
 b - an amulet of regeneration (around neck)
 l - a ring of willpower (left hand)
 n - an amulet of faith
 y - a +4 ring of protection (right hand)
 C - a ring of resist corrosion
 D - a ring of protection from cold
 U - a +4 ring of protection
 V - an amulet of reflection
 Y - a ring of flight
Wands
 u - a wand of iceblast (18)
 z - a wand of flame (11)
 B - a wand of acid (5)
 O - a wand of mindburst (8)
 P - a wand of paralysis (9)
 R - a wand of polymorph (4)
 T - a wand of digging (8)
Scrolls
 s - 4 scrolls of blinking
 v - 2 scrolls of summoning
 w - 4 scrolls of enchant weapon
 G - 7 scrolls of identify
 H - a scroll of fear
 L - 3 scrolls of fog
 M - 6 scrolls of teleportation
 S - 4 scrolls of magic mapping
 W - 2 scrolls of enchant armour
Potions
 f - 2 potions of attraction
 g - 14 potions of curing
 h - 7 potions of resistance
 j - 4 potions of invisibility
 o - 7 potions of lignification
 q - 9 potions of haste
 r - 6 potions of might
 t - 2 potions of berserk rage
 x - 5 potions of brilliance
 I - 4 potions of mutation
 J - 4 potions of cancellation
 K - 3 potions of magic
 Q - a potion of flight
Miscellaneous
 a - a tin of tremorstones (2/2)
 N - a piece from Xom's chessboard (15/15)


   Skills:
 + Level 12.0 Fighting
 - Level 10.0 Short Blades
 - Level 5.8 Throwing
 + Level 11.9 Armour
 - Level 7.2 Dodging
 - Level 16.9 Stealth
 - Level 4.7 Shields
 + Level 12.0 Invocations
 - Level 3.6 Evocations


You had 15 spell levels left.
You didn't know any spells.
Your spell library contained the following spells:

 Spells                   Type           Power      Damage    Failure   Level
 Animate Skeleton         Necr           0%         N/A       83%         1
 Foxfire                  Conj/Fire      0%         2x1d4     83%         1
 Pain                     Necr           0%         1d4       83%         1
 Summon Small Mammal      Summ           0%         N/A       83%         1
 Corpse Rot               Necr/Air       0%         N/A       93%         2
 Poisonous Vapours        Pois/Air       0%         N/A       93%         2
 Call Canine Familiar     Summ           0%         N/A       99%         3
 Conjure Flame            Conj/Fire      0%         6-21      99%         3
 Inner Flame              Hex/Fire       0%         N/A       99%         3
 Portal Projectile        Hex/Tloc       0%         N/A       99%         3
 Spider Form              Tmut/Pois      0%         N/A       99%         3
 Summon Guardian Golem    Hex/Summ       0%         N/A       99%         3
 Vampiric Draining        Necr           0%         2d6       99%         3
 Flame Wave               Conj/Fire      0%         2d4       100%        4
 Leda's Liquefaction      Hex/Erth       0%         N/A       100%        4
 Summon Lightning Spire   Summ/Air       0%         N/A       100%        4
 Maxwell's Capacitive Co  Air            0%         ∞         100%        8


Dungeon Overview and Level Annotations

Branches:
Dungeon (15/15) Temple (1/1) D:4 Lair (6/6) D:10 Swamp (0/4) Lair:3 Spider (0/4) Lair:3 Slime (0/5) Lair:5 Orc (2/2) D:12 Elf (0/3) Orc:1 Orc:2 Vaults (0/5) D:14 Depths (1/4) D:15 Ossuary (visited) Bailey (visited) IceCv (visited) Volcano (visited)

Altars:
Ashenzari
Cheibriados
Dithmenos
Fedhas
Gozag
Hepliaklqana
Kikubaaqudgha
Makhleb
Nemelex Xobeh
Okawaru
Qazlal
Ru
Sif Muna
Trog
Uskayaw
Vehumet
Wu Jian
Xom
Yredelemnul
Zin
The Shining One
Beogh

Shops:
D:6 *   Orc:2 [*(=   Depths:1 *

Portals:
Hell: Depths:1

Annotations:
D:5 Edmund
D:10 3 runed translucent doors
D:13 3 runed translucent doors, Dittersdorf's ghost, journeyman MiBe; Xoimeeto's ghost, adept FoSk; bwicke's ghost, journeyman PaAK; qdestroyer's ghost, journeyman MiFi
Lair:5 3 runed translucent doors, Gelunum's ghost, journeyman HOWn
Depths:1 exclusion: obsidian statue


Innate Abilities, Weirdness & Mutations

You have razor-sharp teeth.
Your natural rate of healing is unusually fast.
When hurt, damage is shared between your health and your magic reserves.
Your bite disrupts and absorbs the magic of your enemies.
Potions cannot restore your health.


Message History

Found a stone staircase leading down.
The green death roars!
You hit the green death.
You bite the green death, but do no damage.
The green death is lightly wounded.
You hit the green death.
You bite the green death, but do no damage.
The green death is lightly wounded.
The green death gestures at you. The blast of poison engulfs you.
You are poisoned.
You hit the green death. Your bite misses the green death.
The green death is lightly wounded.
You are engulfed in poison gas.
You are more poisoned.
You feel very sick.
You puncture the green death!
The green death is moderately wounded.
You are engulfed in poison gas.
You are more poisoned.
You feel very sick.
You are engulfed in poison gas.
You are more poisoned.
You feel extremely sick. The green death gestures at you.
The blast of poison misses you.
You are engulfed in poison gas.
You are more poisoned.
You feel extremely sick.
You are engulfed in poison gas.
You are more poisoned.
You feel extremely sick.
* * * LOW HITPOINT WARNING * * *
You feel extremely sick. The green death closely misses you.
Your system rejects the healing.
You feel better. The green death hits you!
* * * LOW HITPOINT WARNING * * *
The green death gestures at you. The poison arrow hits you!!
You are poisoned.
* * * LOW HITPOINT WARNING * * *
You die...

§8....# #........# #.#..
§§....8.8##........# ##.#..
§§§......'......°..# #..#.#
8§§§8..$.'.......#############.#
.§§§...).'.......#..............
$§§§..8.8#.....2.#.............♣
..§8$...#........#.............♣
8.§......#!......#.............♣
.$$..8..##.....@.#.............♣
..8$.............#.............♣
.$...###.........#########...##≈
...###........[.........##...###
####....................#.......
#...........<.........#.......
#.....................#.......
#....≈≈.≈≈............#######.
#....≈...≈.#######?........##.


You could see a green death.

Vanquished Creatures
  Saint Roka (Orc:2)
  Rupert (Lair:5)
  Jorgrun (Orc:2)
  Kirke (Lair:4)
  An orc warlord (Orc:1)
  A stone giant (Depths:1)
  A vampire knight (Depths:1)
  A dire elephant (Lair:6)
  A blizzard demon (Depths:1)
  A merfolk javelineer (Depths:1)
  The ghost of lotum the Cleaver, a journeyman DrBe of Trog (Lair:1)
  A fire dragon (D:15)
  An ice dragon (D:15)
  A great orb of eyes (Depths:1)
  A caustic shrike simulacrum (IceCv)
  An ogre mage (D:15)
  4 boulder beetles
  A spriggan air mage (Depths:1)
  2 catoblepae (Lair:6)
  2 death knights
  6 hydras
  4 centaur warriors (D:14)
  5 death yaks (Lair:6)
  4 orc high priests
  9 two-headed ogres
  A deep troll shaman (Lair:6)
  4 tengu warriors
  Urug (Orc:2)
  A sun demon (D:15)
  A storm dragon zombie (D:14)
  2 soul eaters (D:15)
  A storm dragon skeleton (D:14)
  2 skeletal warriors
  2 sixfirhies (D:15)
  7 spriggan simulacra
  An obsidian statue (IceCv)
  An orb spider (Lair:3)
  A deep troll (shapeshifter) (Depths:1)
  A bog body (IceCv)
  A wolf spider zombie (D:14)
  4 orc knights
  A necromancer (D:14)
  2 deep elf pyromancers
  3 lindwurms
  5 ugly things
  5 cyclopes
  3 manticores
  5 orc sorcerers (Orc:2)
  Maurice (D:11)
  3 black mambas
  12 elephants
  Maggie (Lair:1)
  2 gargoyles
  6 cane toads
  An orange demon (Depths:1)
  2 efreet
  3 tormentors
  3 freezing wraiths
  A kobold demonologist (D:9)
  3 rime drakes
  A hellwing (D:15)
  3 tengu conjurers (D:15)
  6 komodo dragons
  6 entropy weaver simulacra
  6 ice devils (IceCv)
  A golden dragon simulacrum (IceCv)
  3 polar bears
  3 meliai (D:14)
  2 tyrant leeches (Lair:3)
  4 trolls
  2 hornets (Lair:1)
  A queen bee (Lair:1)
  12 blink frogs
  A raiju (shapeshifter) (D:14)
  7 slime creatures
  10 dream sheep
  A water elemental (Depths:1)
  Sigmund (D:5)
  2 ynoxinuls
  A shadow (D:12)
  5 wraiths
  5 dire elephant simulacra
  4 wyverns
  2 vampires
  A hog (shapeshifter) (D:14)
  39 yaks
  A fire elemental (Lair:1)
  A human (shapeshifter) (D:14)
  4 basilisks
  6 minotaur simulacra (IceCv)
  A hog (Lair:4)
  A warg (Orc:2)
  A harpy simulacrum (IceCv)
  2 vampire mosquitoes (D:13)
  A swamp worm (Lair:3)
  A floating eye (shapeshifter) (D:14)
  A hydra simulacrum (IceCv)
  10 water moccasins
  An alligator simulacrum (IceCv)
  2 black bears
  33 orc warriors
  2 sky beasts
  11 centaurs
  6 ogres
  14 wolves
  3 necrophages
  3 phantoms
  10 bullfrogs
  7 water moccasin zombies
  7 kobold brigands (D:9)
  A gnoll sergeant (D:7)
  A wyvern skeleton (D:6)
  3 scorpions
  3 deep troll simulacra (IceCv)
  14 killer bees
  A hornet simulacrum (D:14)
  7 wights
  2 lindwurm simulacra
  2 vampire bats (D:10)
  3 howler monkeys
  9 electric eels
  3 centaur zombies
  4 hounds
  A jelly (D:8)
  26 orc priests
  3 iron imps (D:6)
  5 hell rats (Lair:3)
  3 iguanas
  27 orc wizards
  2 hound skeletons (D:4)
  2 mummies (Ossuary)
  4 howler monkey zombies
  24 gnolls
  A howler monkey skeleton (D:4)
  9 adders
  2 shadow imps (D:9)
  A white imp (D:6)
  6 adder zombies (Ossuary)
  4 worms
  5 dart slugs
  82 orcs
  6 ball pythons
  2 bats (D:1)
  3 bat skeletons (D:10)
  2 bat zombies (D:10)
  2 endoplasms
  5 giant cockroaches
  3 gnoll zombies (Ossuary)
  8 goblins
  6 hobgoblins
  5 quokkas
  5 frilled lizards
  3 hobgoblin zombies (Ossuary)
  32 kobolds
  9 kobold skeletons (D:9)
  17 kobold zombies
  5 orc zombies (Ossuary)
  6 rats
  A butterfly (D:8)
784 creatures vanquished.

Vanquished Creatures (collateral kills)
  A spriggan simulacrum (IceCv)
  A freezing wraith (D:14)
  A yak (Lair:6)
  A minotaur simulacrum (IceCv)
  A hydra simulacrum (IceCv)
5 creatures vanquished.

Vanquished Creatures (others)
  An orc wizard (Orc:2)
  A fire vortex (Volcano)
  17 fungi
  37 plants
  2 withered plants (D:13)
58 creatures vanquished.

Grand Total: 847 creatures vanquished

Notes
Turn   | Place    | Note
-------+----------+-------------------------------------------
     0 | D:1      | jjjjhere the Vine Stalker Brigand began the quest for the
                  | Orb.
     0 | D:1      | Reached XP level 1. HP: 11/11 MP: 2/2
    44 | D:1      | Reached skill level 5 in Stealth
   213 | D:1      | Reached XP level 2. HP: 15/15 MP: 3/3
   684 | D:1      | Reached XP level 3. HP: 13/18 MP: 2/4
   792 | D:1      | Found a faded altar of an unknown god.
  1698 | D:2      | Gained mutation: Your natural rate of healing is unusually
                  | fast. [Vine Stalker growth]
  1698 | D:2      | Reached XP level 4. HP: 23/23 MP: 5/5
  2070 | D:3      | Reached skill level 6 in Stealth
  2151 | D:3      | Noticed a black bear
  2291 | D:3      | HP: 4/23 [black bear (4)]
  2292 | D:3      | Killed a black bear
  2293 | D:3      | Reached XP level 5. HP: 6/26 MP: 2/6
  2426 | D:3      | Found a shadowy altar of Dithmenos.
  2715 | D:4      | Reached skill level 7 in Stealth
  2736 | D:4      | Reached XP level 6. HP: 30/30 MP: 5/7
  2788 | D:4      | Found a sand-covered staircase.
  2805 | Ossuary  | Entered an ossuary
  2893 | Ossuary  | Reached skill level 8 in Stealth
  2909 | Ossuary  | Reached XP level 7. HP: 29/34 MP: 8/8
  2991 | Ossuary  | Reached skill level 5 in Short Blades
  3385 | D:4      | Reached skill level 9 in Stealth
  3423 | D:4      | Found a staircase to the Ecumenical Temple.
  3474 | Temple   | Entered the Ecumenical Temple
  3589 | D:4      | HP: 8/34 [orc priest/divine providence (12)]
  3594 | D:4      | HP: 2/34 [orc/+0 whip (2)]
  3719 | D:4      | Found a stormy altar of Qazlal.
  3719 | D:4      | Found an ornate altar of the Wu Jian Council.
  3910 | D:4      | Gained mutation: You have razor-sharp teeth. [Vine Stalker
                  | growth]
  3910 | D:4      | Reached XP level 8. HP: 32/38 MP: 6/9
  4103 | D:5      | Entered Level 5 of the Dungeon
  4164 | D:5      | Reached skill level 10 in Stealth
  4964 | D:5      | Noticed Edmund
  5071 | D:5      | Noticed Sigmund
  5074 | D:5      | Killed Sigmund
  5331 | D:6      | Reached skill level 11 in Stealth
  5356 | D:6      | Found Kunurr's Assorted Antiques.
  5361 | D:6      | Bought a scroll of identify for 44 gold pieces
  5364 | D:6      | Bought a scroll labelled HUOHOME HOWUAD for 22 gold pieces
  5411 | D:6      | Reached XP level 9. HP: 25/42 MP: 8/10
  5672 | D:6      | Found a burning altar of Makhleb.
  5686 | D:6      | Reached skill level 12 in Stealth
  6554 | D:6      | Became a worshipper of Makhleb the Destroyer
  6671 | D:8      | Found a shimmering altar of Xom.
  6724 | D:8      | Reached skill level 13 in Stealth
  7156 | D:8      | Reached skill level 1 in Dodging
  7156 | D:8      | Reached skill level 1 in Invocations
  7156 | D:8      | Reached XP level 10. HP: 43/46 MP: 11/11
  7240 | D:8      | Found a sparkling altar of Nemelex Xobeh.
  7621 | D:9      | Found a hazy altar of Hepliaklqana.
  7680 | D:9      | Reached * piety under Makhleb
  7762 | D:9      | Noticed a two-headed ogre
  7787 | D:9      | Killed a two-headed ogre
  7788 | D:9      | Reached skill level 14 in Stealth
  7810 | D:9      | Reached ** piety under Makhleb
  7854 | D:9      | Noticed a kobold demonologist
  7974 | D:9      | Found a flagged portal.
  7991 | Bailey   | Entered a bailey
  8261 | Bailey   | HP: 11/43 [orc warrior/+3 halberd of electrocution (14)]
  8263 | Bailey   | HP: 4/43 [orc warrior/+3 halberd of electrocution (9)]
  8535 | Bailey   | Reached skill level 5 in Fighting
  8535 | Bailey   | Reached skill level 5 in Dodging
  8535 | Bailey   | Reached XP level 11. HP: 54/54 MP: 13/17
  8536 | Bailey   | Reached XP level 12. HP: 60/60 MP: 13/19
  8756 | D:9      | Reached *** piety under Makhleb
  9109 | D:9      | Found an ancient bone altar of Kikubaaqudgha.
  9614 | D:9      | Found a bloodstained altar of Trog.
  9725 | D:10     | Entered Level 10 of the Dungeon
  9756 | D:10     | Found a hide-covered altar of Uskayaw.
 10050 | D:10     | Found an ancient bone altar of Kikubaaqudgha.
 10128 | D:10     | Found a staircase to the Lair.
 10128 | D:10     | Noticed a two-headed ogre
 10155 | D:10     | Killed a two-headed ogre
 10155 | D:10     | Reached **** piety under Makhleb
 10223 | D:10     | Found a shimmering blue altar of Sif Muna.
 10316 | D:10     | Found a runed translucent gate.
 10316 | D:10     | Found a runed translucent gate.
 10316 | D:10     | Found a runed translucent gate.
 10464 | Lair:1   | Entered Level 1 of the Lair of Beasts
 10562 | Lair:1   | Found a transporter.
 10562 | Lair:1   | Found a transporter.
 10566 | Lair:1   | Noticed lotum's ghost (journeyman DrBe)
 10651 | Lair:1   | Found a dark tunnel.
 10699 | Volcano  | Entered a volcano
 10723 | Volcano  | HP: 17/62 [fire elemental (5)]
 10819 | Lair:1   | Noticed Maggie
 10823 | Lair:1   | Killed Maggie
 10824 | Lair:1   | Reached skill level 1 in Armour
 10844 | Lair:1   | Identified the +3 trident of Valiance {flame, Str+4}
 11537 | Lair:2   | Noticed a four-headed hydra
 11541 | Lair:2   | Killed a four-headed hydra
 11542 | Lair:2   | Reached XP level 13. HP: 66/66 MP: 20/20
 11683 | Lair:2   | Reached skill level 10 in Short Blades
 11683 | Lair:2   | Reached skill level 15 in Stealth
 12773 | Lair:3   | Reached skill level 16 in Stealth
 12989 | Lair:3   | You fall into a shaft and drop 3 floors!
 12989 | Lair:6   | Entered Level 6 of the Lair of Beasts
 13109 | Lair:6   | Reached ***** piety under Makhleb
 13110 | Lair:6   | Reached skill level 5 in Armour
 13240 | Lair:4   | Noticed Kirke
 13292 | Lair:3   | Found a hole to the Spider Nest.
 13731 | Lair:3   | Found a staircase to the Swamp.
 14181 | Lair:4   | HP: 21/66 [cane toad (5)]
 14187 | Lair:4   | HP: 20/66 [cane toad (8)]
 14700 | Lair:4   | Reached skill level 1 in Shields
 14700 | Lair:4   | Reached XP level 14. HP: 65/72 MP: 21/21
 14736 | Lair:4   | Killed Kirke
 15273 | Lair:5   | Found a runed translucent gate.
 15273 | Lair:5   | Found a runed translucent gate.
 15273 | Lair:5   | Found a runed translucent gate.
 15275 | Lair:5   | Noticed Gelunum's ghost (journeyman HOWn)
 15350 | Lair:5   | Found a staircase to the Slime Pits.
 15388 | Lair:5   | Noticed Rupert
 15741 | Lair:5   | Paralysed by Rupert for 6 turns
 15762 | Lair:5   | Killed Rupert
 15972 | Lair:6   | HP: 5/72 [catoblepas (46)]
 16661 | Lair:6   | Noticed a dire elephant
 16723 | Lair:6   | Killed a dire elephant
 16768 | Lair:6   | Found the +8 Vampire's Tooth {vamp}
 17551 | D:11     | Noticed Maurice
 17558 | D:11     | Killed Maurice
 18157 | D:12     | Reached XP level 15. HP: 78/78 MP: 22/22
 18496 | D:12     | Reached skill level 5 in Throwing
 18941 | D:12     | Found a staircase to the Orcish Mines.
 19119 | Orc:1    | Entered Level 1 of the Orcish Mines
 19308 | Orc:1    | Found a runed translucent gate.
 19309 | Orc:1    | Found a runed translucent gate.
 19310 | Orc:1    | Found a runed translucent gate.
 19631 | Orc:1    | Noticed bronco's ghost (journeyman FoHu)
 19773 | Orc:2    | Entered Level 2 of the Orcish Mines
 19773 | Orc:2    | Found a staircase to the Elven Halls.
 19845 | Orc:2    | Noticed Jorgrun
 20579 | D:13     | Found a runed translucent gate.
 20580 | D:13     | Found a runed translucent gate.
 20581 | D:13     | Found a runed translucent gate.
 20582 | D:13     | Noticed qdestroyer's ghost (journeyman MiFi)
 20582 | D:13     | Noticed Dittersdorf's ghost (journeyman MiBe)
 20582 | D:13     | Noticed Xoimeeto's ghost (adept FoSk)
 20583 | D:13     | Noticed bwicke's ghost (journeyman PaAK)
 21163 | D:14     | Found a gate to the Vaults.
 21208 | D:14     | Reached skill level 10 in Armour
 21261 | D:14     | Found an ornate altar of the Wu Jian Council.
 21449 | D:14     | Found a frozen archway.
 21505 | D:14     | Reached skill level 10 in Fighting
 21534 | IceCv    | Entered an ice cave
 21955 | IceCv    | Reached ****** piety under Makhleb
 22007 | IceCv    | Reached skill level 10 in Invocations
 22260 | IceCv    | Identified the +5 steam dragon scales of Duck's Teeth
                  | {rElec rPois rF- Int-5}
 22285 | IceCv    | Noticed an Ice Fiend
 22385 | D:14     | Reached XP level 16. HP: 86/86 MP: 24/24
 22890 | D:15     | Entered Level 15 of the Dungeon
 22969 | D:15     | Found a stormy altar of Qazlal.
 23389 | D:15     | Found a staircase to the Depths.
 23753 | Lair:1   | Killed lotum's ghost
 23765 | Lair:1   | Got the Volume of Feathers and Poison
 23934 | Orc:2    | Killed Jorgrun
 24195 | Orc:2    | Noticed Saint Roka
 24342 | Orc:2    | Killed Saint Roka
 24942 | Orc:2    | Noticed Urug
 24990 | Orc:2    | Killed Urug
 25329 | Orc:2    | Found Oni Ider's Antique Armour Shoppe.
 25330 | Orc:2    | Found Meixkunn's Antique Weapon Shoppe.
 25332 | Orc:2    | Found Yvodapug's General Store.
 25332 | Orc:2    | Found Dora Jua's Jewellery Emporium.
 25658 | Depths:1 | Entered Level 1 of the Depths
 25658 | Depths:1 | Found an opulent altar of Gozag.
 25843 | Depths:1 | Found Gozag's Platinum Reserve.
 25890 | D:15     | HP: 28/88 [soul eater (8)]
 25986 | D:15     | HP: 26/88 [??? (12)]
 25994 | D:15     | HP: 27/88 [hellwing (4)]
 25999 | D:15     | HP: 22/88 [hellwing (4)]
 26290 | Depths:1 | Found a gateway to Hell.
 26775 | Depths:1 | HP: 24/88 [poisoned by a green death (poison gas)]
 26778 | Depths:1 | HP: 3/88 [green death/poison arrow (17)]
 26779 | Depths:1 | Succumbed to a green death's poison arrow

Illustrated notes

Levels and vault maps discovered:
D:1:      minmay_arrival_four_houses, layout_loops_ring,
          shapermc_ecumenical_altar_flowoftime
D:2:      layout_loops_corners
D:3:      layout_rooms, nicolae_dithmenos_shadow_blocks, hex_tiny
D:4:      layout_rooms, gammafunk_temple_overflow_pools,
          minmay_temple_entry_glassed_door, nicolae_ossuary_entry_ruins,
          kennysheep_boxes
D:5:      layout_loops_corners, sigmund_edmund_badplayer
D:6:      layout_basic, demons_altar, serial_shops, shop, grunt_ministairs_10,
          grunt_decor_one_mirror, minmay_misc_feat_encased,
          minmay_misc_feat_ornament, minmay_three_doors
D:7:      layout_gridville
D:8:      layout_basic, nemelex_altar_shiori, xom_butterflies,
          minmay_misc_feat_more_columns, minmay_misc_feat_alley
D:9:      wander_kiku_kobolds, layout_basic, bloody_trog, lemuel_round_altar,
          lightli_bailey_entry_fortress
D:10:     layout_cave_pools, kennysheep_vampire_church,
          nicolae_overflow_hidden_temple, erik_lair_island,
          ploomutoo_gammafunk_ghost_potion_laboratory
D:11:     layout_loops_ring, uniq_maurice
D:12:     layout_stronghold, david_orc_4
D:13:     layout_stronghold, gammafunk_ghost_cemetery, drop_trap
D:14:     layout_small_grid, david_vaults_2,
          portal_ice_cave_entry_ice_simulacra, grunt_decor_arrowhead,
          nicolae_wu_jian_wuxing_cycle
D:15:     grunt_enter_depths_hoard, layout_cave_pools, lemuel_doored_altar
Temple:   zaba_magenta_temple
Lair:1:   layout_cave_pods, nicolae_volcano_entry_two_sided,
          gammafunk_ghost_hive, lemuel_fruit_tree, uniq_maggie
Lair:2:   layout_cave_pods, serial_bayou_shore_a, grunt_megastairs_5
Lair:3:   layout_regular_city, minmay_swamp_entry_worms,
          nicolae_spider_entry_orb_guardian, grunt_megastairs_1,
          infiniplex_staircase_pool
Lair:4:   layout_cave_shapes, uniq_kirke
Lair:5:   layout_misc_corridors, dpeg_slime_entry_corner,
          gammafunk_ghost_necromancy, uniq_rupert
Lair:6:   grunt_lair_end_beastmaster, layout_gridlike, st_stairs_11,
          chequers_serial_rivers_small_3, patterned_corridor,
          infiniplex_staircase_pool_2
Orc:1:    layout_caves, basic_altar, ebering_ghost_rock_garden,
          nicolae_orc_flooded_monolith
Orc:2:    st_orc_congregation, layout_caves, uniq_saint_roka, uniq_urug,
          uniq_snorg, uniq_jorgrun
Depths:1: layout_gridville, serial_bayou_ford_a,
          grunt_hell_entry_demonic_statue, gammafunk_ghost_tricky_traps,
          minmay_misc_feat_tower, hex_large, nrook_campfire,
          nicolae_gozag_zags_fifth_avenue, minmay_shop_grove

Skill      XL: |  1  2  3  4  5  6  7  8  9 10 11 12 13 14 15 16 |
---------------+-------------------------------------------------+-----
Stealth        | 5 6 7 8 9 11 13 14 16 | 16.9
Short Blades   | 2 3 4 5 7 9 10 | 10.0
Dodging        | 1 5 6 7 |  7.2
Invocations    | 1 6 8 10 12 | 12.0
Fighting       | 5 6 7 8 10 12 | 12.0
Evocations     | 3 |  3.6
Armour         | 1 6 9 10 11 | 11.9
Shields        | 1 4 |  4.7
Throwing       | 4 5 |  5.8

Action                   |  1- 3 |  4- 6 |  7- 9 | 10-12 | 13-15 | 16-18 || total
-------------------------+-------+-------+-------+-------+-------+-------++-------
Melee: Dagger            |    88 |   103 |   431 |   547 |  1133 |       ||  2302
       Bite              |    15 |    37 |   162 |   192 |  1124 |   505 ||  2035
       Punch             |       |     1 |     7 |     8 |    18 |       ||    34
       Quick blade       |       |       |       |       |  1091 |  1037 ||  2128
Throw: Dart              |       |       |     3 |       |       |       ||     3
       Throwing net      |       |       |       |       |       |     2 ||     2
Invok: Lesser Servant of |       |       |       |       |    21 |     2 ||    23
Evoke: Wand              |       |       |     6 |    13 |       |     1 ||    20
       Piece from Xom's  |       |       |       |       |     1 |       ||     1
  Use: Scroll            |       |       |    16 |    11 |     4 |       ||    31
       Potion            |       |       |       |     2 |       |     2 ||     4
 Stab: Sleeping          |    13 |    10 |    22 |    29 |    38 |     9 ||   121
       Distracted        |       |       |       |     2 |     6 |     6 ||    14
       Petrifying        |       |       |       |       |     2 |       ||     2
       Petrified         |       |       |       |       |     2 |       ||     2
       Held in net/web   |       |       |       |       |       |     5 ||     5
Armor: Robe              |    14 |    21 |    85 |    78 |       |       ||   198
       Animal skin       |       |       |       |    32 |       |       ||    32
       Pearl dragon scal |       |       |       |    22 |   764 |   256 ||  1042
Dodge: Dodged            |    32 |    38 |   138 |   261 |   699 |   214 ||  1382
Block: Buckler           |       |       |       |       |   273 |   173 ||   446
